[Event "November 21 Early 2023"]
[Site "https://www.chess.com"]
[Date "2023.11.21"]
[Round "3"]
[White "Nilsen, Tobias Lang"]
[Black "Zampronha, Wladimir Camilo"]
[Result "0-1"]
[Board "199"]
[TimeControl "180+1"]
[WhiteFideId "1521624"]
[BlackFideId "2103087"]
[WhiteElo "2221"]
[BlackElo "2055"]
[WhiteTeam "NOR"]
[BlackTeam "BRA"]
[WhiteClock "0:01:19"]
[BlackClock "0:00:24"]

1. d4 Nf6 2. Nc3 d5 3. Bf4 a6 4. e3 e6 5. Bd3 c5 6. Nf3 Nc6 7. O-O Bd6 8. dxc5 Bxf4 9. exf4 Qa5 10. Qe2 Qxc5 11. a3 O-O 12. Rad1 Re8 13. Ne5 Bd7 14. Na4 Qe7 15. Nb6 Rad8 16. Nbxd7 Nxd7 17. Rde1 Ncxe5 18. fxe5 Nc5 19. f4 Nxd3 20. cxd3 Rc8 21. f5 exf5 22. Rxf5 Qc5+ 23. Qf2 Qxf2+ 24. Rxf2 f6 25. Rfe2 Kf7 26. exf6 Rxe2 27. Rxe2 Kxf6 28. Kf2 Rc7 29. Kf3 Rf7 30. Rc2 Ke5+ 31. Ke3 d4+ 32. Ke2 Re7 33. g3 Kd5+ 34. Kd2 Rf7 35. Ke2 Re7+ 36. Kf2 Rf7+ 37. Kg2 Re7 38. h4 b5 39. Kf3 Re3+ 40. Kg4 Rxd3 41. Rc7 Rb3 42. Rxg7 Rxb2 43. Rxh7 d3 44. Rd7+ Kc4 45. Kh3 Rb1 46. h5 Rh1+ 47. Kg4 a5 48. Kg5 b4 49. axb4 axb4 50. g4 b3 51. Rc7+ Kb4 52. Rd7 b2 53. Rb7+ Kc3 54. Rc7+ Kd4 55. Rd7+ Ke5 56. Re7+ Kd6 57. Rb7 b1=Q 58. Rxb1 Rxb1 59. h6 d2 60. h7 Rh1 61. Kg6 d1=Q 62. g5 Qd3+ 63. Kf6 Qxh7 64. g6 Rf1+ 65. Kg5 Qxg6+ 66. Kxg6 Ke5 67. Kg5 Rg1+ 68. Kh4 Kf5 69. Kh3 Kf4 70. Kh2 Rg8 71. Kh3 Rg7 72. Kh4 0-1

[Event "November 21 Early 2023"]
[Site "https://www.chess.com"]
[Date "2023.11.21"]
[Round "3"]
[White "Kanyamarala, Trisha"]
[Black "Burovic00"]
[Result "1/2-1/2"]
[Board "200"]
[TimeControl "180+1"]
[WhiteFideId "45004722"]
[WhiteElo "2078"]
[BlackElo "2286"]
[WhiteTeam "IRL"]
[WhiteClock "0:00:16"]
[BlackClock "0:00:05"]

1. c4 g6 2. Nc3 Bg7 3. g3 d6 4. Bg2 e5 5. Nf3 Nc6 6. O-O f5 7. d3 Nf6 8. Rb1 O-O 9. b4 h6 10. a4 g5 11. Ba3 Be6 12. Ne1 Rb8 13. Nc2 Ne7 14. b5 Rf7 15. Nb4 Ng6 16. Nbd5 Nd7 17. a5 g4 18. b6 axb6 19. axb6 c6 20. Nc7 Ndf8 21. Qd2 Bc8 22. Rfe1 Ne6 23. e3 Nxc7 24. bxc7 Qxc7 25. d4 e4 26. Ne2 Ra8 27. Bb4 Bd7 28. Ra1 Rff8 29. Qc2 b6 30. Qb3 c5 31. Bc3 Be6 32. d5 Bd7 33. Nf4 Nxf4 34. exf4 Rfb8 35. Bxg7 Kxg7 36. Qc3+ Kf7 37. Rxa8 Rxa8 38. h3 h5 39. hxg4 hxg4 40. Ra1 Rxa1+ 41. Qxa1 Qb8 42. Qb2 b5 43. cxb5 Qxb5 44. Qh8 Qb1+ 45. Kh2 Qd3 46. Qh7+ Ke8 47. Qg8+ Ke7 48. Qg5+ Ke8 49. Qg8+ Ke7 50. Qg5+ Ke8 51. Qg8+ 1/2-1/2

[Event "November 21 Early 2023"]
[Site "https://www.chess.com"]
[Date "2023.11.21"]
[Round "3"]
[White "Adithya A Chullikkad"]
[Black "Grossboss19"]
[Result "0-1"]
[Board "201"]
[TimeControl "180+1"]
[WhiteFideId "45078734"]
[WhiteElo "2042"]
[BlackElo "2490"]
[WhiteTeam "IND"]
[WhiteClock "0:00:23"]
[BlackClock "0:01:24"]

1. d4 Nf6 2. Nf3 g6 3. Bf4 Bg7 4. Nc3 O-O 5. e4 d5 6. Bd3 dxe4 7. Nxe4 Nh5 8. Be3 Nc6 9. c3 e5 10. dxe5 Nxe5 11. Nxe5 Bxe5 12. O-O Bf5 13. Bh6 Bxe4 14. Bxe4 Qh4 15. g3 Qxe4 16. Bxf8 Rxf8 17. Re1 Qf5 18. Qd5 Bd6 19. Qxb7 Nf6 20. Qg2 Rb8 21. Re2 a5 22. Rae1 Kg7 23. h3 h5 24. Rd1 h4 25. g4 Qf4 26. b3 a4 27. b4 a3 28. g5 Nh5 29. Rd4 Qc1+ 30. Qf1 Bh2+ 31. Kg2 Nf4+ 32. Rxf4 Qxf1+ 33. Kxf1 Bxf4 34. Re4 Bxg5 35. f4 Bf6 36. Rc4 Rd8 37. Ke2 Re8+ 38. Kf3 Re1 39. Rxc7 Ra1 40. b5 Rxa2 41. b6 Rb2 42. Ra7 Rxb6 43. Rxa3 Rc6 44. Kg4 Rc4 45. Kf3 Rxc3+ 46. Rxc3 Bxc3 47. Kg4 f5+ 48. Kxh4 Be1+ 49. Kg5 Bf2 50. h4 Bc5 0-1

[Event "November 21 Early 2023"]
[Site "https://www.chess.com"]
[Date "2023.11.21"]
[Round "3"]
[White "FunnyDuck66"]
[Black "Tharushi, T H D Niklesha"]
[Result "0-1"]
[Board "202"]
[TimeControl "180+1"]
[BlackFideId "9918264"]
[WhiteElo "2487"]
[BlackElo "1577"]
[BlackTeam "SRI"]
[WhiteClock "0:00:16"]
[BlackClock "0:01:43"]

1. d4 Nf6 2. Nf3 e6 3. Bg5 Be7 4. Nbd2 d5 5. e3 c5 6. c3 Nc6 7. Bd3 h6 8. Bh4 b6 9. O-O Bb7 10. Ne5 Nxe5 11. dxe5 Nd7 12. Bxe7 Qxe7 13. f4 c4 14. Bc2 Qc5 15. Qe2 g5 16. Kh1 O-O-O 17. Nf3 g4 18. Nd4 h5 19. b4 Qe7 20. a4 Rdg8 21. a5 h4 22. e4 h3 23. g3 f6 24. exf6 Nxf6 25. e5 Nd7 26. axb6 axb6 27. Ra7 Nb8 28. Rfa1 Qe8 29. Kg1 Nc6 30. Nxc6 Qxc6 31. Ba4 b5 32. Bc2 d4 33. Rxb7 d3 34. Qf2 Kxb7 0-1

[Event "November 21 Early 2023"]
[Site "https://www.chess.com"]
[Date "2023.11.21"]
[Round "3"]
[White "Cardozo Munar, Carlos Eduardo"]
[Black "Jesseinkman"]
[Result "1-0"]
[Board "203"]
[TimeControl "180+1"]
[WhiteFideId "4409477"]
[WhiteElo "2067"]
[BlackElo "2481"]
[WhiteTeam "COL"]
[WhiteClock "0:02:13"]
[BlackClock "0:00:59"]

1. d4 d5 2. c3 e6 3. g3 Nf6 4. Bg2 Be7 5. Nd2 O-O 6. e4 dxe4 7. Nxe4 Nxe4 8. Bxe4 Nd7 9. Ne2 Nf6 10. Bg2 c5 11. O-O cxd4 12. Nxd4 e5 13. Nf3 e4 14. Qxd8 Rxd8 15. Ng5 Bf5 16. Re1 h6 17. Nxe4 Nxe4 18. Bxe4 Bxe4 19. Rxe4 Rd1+ 20. Kg2 Bg5 21. f4 Bf6 22. Kf2 Rad8 23. Re1 Be7 24. Be3 Rxa1 25. Rxa1 b5 26. Ke2 b4 27. Bxa7 bxc3 28. bxc3 Bf6 29. Bd4 1-0

[Event "November 21 Early 2023"]
[Site "https://www.chess.com"]
[Date "2023.11.21"]
[Round "3"]
[White "Jamal-Jamal-Jamal"]
[Black "cycygogne"]
[Result "1/2-1/2"]
[Board "204"]
[TimeControl "180+1"]
[WhiteElo "2475"]
[BlackElo "2267"]
[WhiteClock "0:00:04"]
[BlackClock "0:00:13"]

1. d4 Nf6 2. c4 e6 3. Nf3 b6 4. Nc3 Bb4 5. Qc2 Bb7 6. Bg5 O-O 7. e3 h6 8. Bh4 d5 9. a3 Be7 10. cxd5 Nxd5 11. Bxe7 Qxe7 12. Be2 Nd7 13. Nxd5 Bxd5 14. e4 Bb7 15. O-O c5 16. Rad1 cxd4 17. Nxd4 Rac8 18. Qb1 Nc5 19. Bf3 Rfd8 20. b4 Na4 21. Qa1 Nc3 22. Rd3 Nxe4 23. Rfd1 Qf6 24. h3 Bd5 25. Nb5 a6 26. Qxf6 Nxf6 27. Nc3 Kf8 28. a4 Ke7 29. Bxd5 Nxd5 30. Nxd5+ Rxd5 31. Rxd5 exd5 32. Rxd5 Rc1+ 33. Kh2 Rc2 34. Kg3 Rb2 35. Rd4 b5 36. axb5 axb5 37. Kf3 Ke6 38. g3 Rb3+ 39. Ke2 Rb2+ 40. Ke3 g5 41. f4 f5 42. fxg5 hxg5 43. h4 Rb3+ 44. Kf2 Rb2+ 45. Kf3 Rb3+ 46. Kf2 Rb2+ 47. Ke3 Rb3+ 48. Kf2 1/2-1/2

[Event "November 21 Early 2023"]
[Site "https://www.chess.com"]
[Date "2023.11.21"]
[Round "3"]
[White "Andersson, Bjorn 1971"]
[Black "Reprintsev, Alexander"]
[Result "0-1"]
[Board "205"]
[TimeControl "180+1"]
[WhiteFideId "1702114"]
[BlackFideId "14100541"]
[WhiteElo "2172"]
[BlackElo "2229"]
[WhiteTeam "SWE"]
[BlackTeam "UKR"]
[WhiteClock "0:00:14"]
[BlackClock "0:01:04"]

1. e4 d5 2. exd5 Qxd5 3. Nc3 Qa5 4. Bc4 Nf6 5. Nge2 Nc6 6. d4 Bg4 7. f3 Be6 8. Bxe6 fxe6 9. Bd2 O-O-O 10. Ne4 Qb6 11. Bc3 e5 12. Nxf6 exf6 13. d5 Nb4 14. Bxb4 Bxb4+ 15. c3 Bc5 16. Qb3 Qxb3 17. axb3 Rxd5 18. b4 Be3 19. Rd1 Rhd8 20. Rxd5 Rxd5 21. Ng3 Bc1 22. Ke2 Bxb2 23. c4 Rd7 24. Ne4 b6 25. c5 f5 26. Ng5 Bc3 27. Rb1 h6 28. Ne6 Rd2+ 29. Kf1 g5 30. Rb3 Rc2 31. c6 a5 32. bxa5 Bxa5 33. Rd3 Rxc6 34. Ng7 f4 35. Rd5 Bc3 36. Nf5 Kb7 37. Ne7 Rd6 38. Rxd6 cxd6 39. Nf5 d5 40. Nxh6 e4 41. Nf7 Bf6 42. Ke2 Kc6 43. fxe4 dxe4 44. g3 b5 45. gxf4 gxf4 46. Nh6 b4 47. Ng4 Bg7 48. Nf2 e3 49. Nd3 b3 50. Kf3 b2 51. Nxb2 Bxb2 0-1

[Event "November 21 Early 2023"]
[Site "https://www.chess.com"]
[Date "2023.11.21"]
[Round "3"]
[White "HeroWilczek"]
[Black "LLariMarc"]
[Result "1-0"]
[Board "206"]
[TimeControl "180+1"]
[WhiteElo "2471"]
[BlackElo "2266"]
[WhiteClock "0:00:06"]
[BlackClock "0:00:03"]

1. e4 e6 2. d4 d5 3. Bd3 dxe4 4. Bxe4 Nf6 5. Bf3 Be7 6. Ne2 O-O 7. O-O Nbd7 8. Nbc3 c6 9. Bf4 Nb6 10. Qd2 Nbd5 11. Bg3 b6 12. Ne4 Nxe4 13. Bxe4 Bb7 14. Rad1 Qd7 15. c4 Nf6 16. Bb1 Rfd8 17. Qc2 Qe8 18. Nf4 c5 19. d5 exd5 20. Nxd5 Bxd5 21. cxd5 Qf8 22. Rfe1 g6 23. Qc4 Ne8 24. Be5 Bf6 25. Qf4 Bxe5 26. Rxe5 Nd6 27. h4 Re8 28. Rde1 Rad8 29. h5 Rxe5 30. Rxe5 b5 31. Qg4 Qg7 32. Re2 a5 33. hxg6 hxg6 34. Qg5 Rd7 35. Qe3 Qd4 36. Qxd4 cxd4 37. Bd3 Nc4 38. b3 Na3 39. Re5 f6 40. Re8+ Kf7 41. Ra8 Rxd5 42. Rxa5 Rc5 43. g3 Nc2 44. Rxb5 Rxb5 45. Bxb5 Nb4 46. a3 Na2 47. Kf1 Nc3 48. Bd3 Ke6 49. Ke1 Kd5 50. Kd2 g5 51. b4 Na4 52. Kc2 Nc3 53. Kb3 Nd1 54. f4 gxf4 55. gxf4 Ne3 56. a4 Ng2 57. f5 Ne1 58. Bc4+ Kc6 59. a5 Nf3 60. Bd3 Ne5 61. Kc2 Kd5 62. a6 Nc6 63. b5 Nb4+ 64. Kd2 Kc5 65. a7 Nxd3 66. Kxd3 Kxb5 67. a8=Q Kb4 68. Qf8+ 1-0

[Event "November 21 Early 2023"]
[Site "https://www.chess.com"]
[Date "2023.11.21"]
[Round "3"]
[White "Tomaszewski, Kacper"]
[Black "Malikova777"]
[Result "1/2-1/2"]
[Board "207"]
[TimeControl "180+1"]
[WhiteFideId "1127373"]
[WhiteElo "2211"]
[BlackElo "2266"]
[WhiteTeam "POL"]
[WhiteClock "0:00:33"]
[BlackClock "0:00:15"]

1. c4 Nf6 2. Nc3 g6 3. e4 Bg7 4. Nf3 d6 5. d4 O-O 6. Be2 Nc6 7. O-O e5 8. dxe5 Nxe5 9. Nxe5 dxe5 10. Qxd8 Rxd8 11. Bg5 c6 12. f4 Re8 13. Rad1 h6 14. fxe5 Ng4 15. Bf4 Nxe5 16. Rd6 Be6 17. c5 Nc4 18. Rxe6 Rxe6 19. Bxc4 Bxc3 20. bxc3 Rxe4 21. Bd3 Ra4 22. Bxh6 f5 23. Rf4 Rxf4 24. Bxf4 Rd8 25. Bd6 b6 26. Bc4+ Kh7 27. Kf2 bxc5 28. Bxc5 Rd2+ 29. Kf3 a5 30. a4 Rc2 31. Bd4 c5 32. Be5 Rc1 33. Bb5 g5 34. h3 Kg6 35. Be8+ Kh6 36. c4 Re1 37. Bc7 Rxe8 38. Bxa5 Ra8 39. Bb6 Rxa4 40. Bxc5 Rxc4 41. Bf8+ Kg6 42. g3 Rc3+ 43. Kg2 Rb3 44. Be7 Kh5 45. Bd8 g4 46. h4 Rb2+ 47. Kg1 Rc2 48. Bg5 Kg6 49. Bf4 Kf7 50. h5 Kf6 51. Kf1 Rh2 52. h6 Kg6 53. Kg1 Rxh6 54. Bxh6 Kxh6 55. Kf2 Kg5 56. Ke3 f4+ 57. gxf4+ Kf5 58. Ke2 Ke4 59. Kf2 Kxf4 60. Kg2 g3 61. Kg1 Kg4 62. Kg2 Kf4 63. Kg1 Kf3 64. Kf1 g2+ 65. Kg1 Kg3 1/2-1/2

[Event "November 21 Early 2023"]
[Site "https://www.chess.com"]
[Date "2023.11.21"]
[Round "3"]
[White "Manukyan, Sargis V."]
[Black "Martin, Lewis"]
[Result "1-0"]
[Board "208"]
[TimeControl "180+1"]
[WhiteFideId "13303465"]
[BlackFideId "410551"]
[WhiteElo "2236"]
[BlackElo "2145"]
[WhiteTeam "ARM"]
[BlackTeam "ENG"]
[WhiteClock "0:00:28"]
[BlackClock "0:00:15"]

1. d4 d5 2. Nc3 c6 3. Bf4 Bf5 4. e3 e6 5. g4 Bg6 6. h4 h5 7. g5 Ne7 8. Nge2 Nd7 9. Ng3 Qb6 10. Rb1 c5 11. Nb5 e5 12. dxe5 a6 13. Nd6+ Kd8 14. Bd3 f6 15. Bxg6 Nxg6 16. Nf7+ Ke8 17. Nxh8 Nxh8 18. Qxh5+ Nf7 19. gxf6 gxf6 20. exf6 Nxf6 21. Qg6 Be7 22. Nf5 Rc8 23. Bg5 Qa5+ 24. c3 Rc6 25. Nxe7 Kxe7 26. h5 Qd8 27. h6 Qh8 28. Qg7 Ke8 29. Rd1 Qxg7 30. hxg7 Nxg5 31. Rxd5 Kf7 32. Rxg5 Ng8 33. Rh4 1-0

[Event "November 21 Early 2023"]
[Site "https://www.chess.com"]
[Date "2023.11.21"]
[Round "3"]
[White "Begunov, Konstantin"]
[Black "Bommini Mounika Akshaya"]
[Result "1-0"]
[Board "209"]
[TimeControl "180+1"]
[WhiteFideId "4118510"]
[BlackFideId "25019872"]
[WhiteElo "1989"]
[BlackElo "2073"]
[WhiteTeam "RUS"]
[BlackTeam "IND"]
[WhiteClock "0:00:13"]
[BlackClock "0:00:13"]

1. d4 Nf6 2. c4 e6 3. Nf3 c5 4. Nc3 cxd4 5. Nxd4 d5 6. cxd5 Nxd5 7. Bd2 Be7 8. e4 Nxc3 9. Bxc3 O-O 10. Be2 b6 11. Bf3 Bb7 12. e5 Bd5 13. O-O Na6 14. Nc6 Bxc6 15. Bxc6 Qxd1 16. Rfxd1 Rad8 17. a3 Nc5 18. b4 Nb3 19. Rab1 Rxd1+ 20. Rxd1 Rc8 21. b5 Rd8 22. Rxd8+ Bxd8 23. Kf1 Be7 24. a4 Bc5 25. f4 Be3 26. g3 h5 27. Ke2 Bc5 28. Kd3 Bg1 29. h3 Bh2 30. Be1 Nc5+ 31. Kc4 Nxa4 32. Bf2 Nb2+ 33. Kd4 Nd1 34. Be3 Bxg3 35. Be4 Bf2 36. Bxf2 Nxf2 37. Bg2 Nd1 38. h4 Kf8 39. Bf3 Nf2 40. Bxh5 Nh3 41. Ke3 g6 42. Bg4 Nxf4 43. Kxf4 Ke7 44. Kg5 Kd7 45. Kf6 Ke8 46. Be2 Kf8 47. Bc4 Ke8 48. Kg7 Ke7 49. Bd3 Ke8 50. Kf6 Kf8 51. Be2 Ke8 52. h5 gxh5 53. Bxh5 Kd7 54. Bxf7 Kc7 55. Bxe6 a6 56. bxa6 b5 57. Bb3 Kb6 58. e6 1-0

[Event "November 21 Early 2023"]
[Site "https://www.chess.com"]
[Date "2023.11.21"]
[Round "3"]
[White "Bashirli, Saadat"]
[Black "Rutten, Alexander"]
[Result "1-0"]
[Board "210"]
[TimeControl "180+1"]
[WhiteFideId "13429990"]
[BlackFideId "1052063"]
[WhiteElo "1537"]
[BlackElo "2124"]
[WhiteTeam "AZE"]
[BlackTeam "NED"]
[WhiteClock "0:00:07"]
[BlackClock "0:00:12"]

1. d4 d5 2. e3 Nf6 3. Bd3 c5 4. c3 Nc6 5. f4 Bg4 6. Nf3 e6 7. O-O Rc8 8. Nbd2 Be7 9. Qe1 Bh5 10. Ne5 Bg6 11. Qe2 Bxd3 12. Qxd3 a6 13. b3 cxd4 14. exd4 Qa5 15. Bb2 O-O 16. Kh1 Bd6 17. a4 Ne7 18. Rae1 b5 19. axb5 axb5 20. Ra1 Qb6 21. b4 Ra8 22. Nb3 Ne4 23. Nd7 Rxa1 24. Bxa1 Qa6 25. Nxf8 Kxf8 26. Na5 g6 27. Bb2 Nf5 28. Kg1 h5 29. g3 Be7 30. Ra1 Nfd6 31. Nb3 Qc6 32. Nc5 Nc4 33. Bc1 Kg7 34. Ra7 Bf6 35. Kg2 Ncd6 36. Ra5 Nc4 37. Ra7 Bd8 38. Qc2 Bb6 39. Ra6 Qc8 40. Ra1 Nf6 41. Qb3 h4 42. Qa2 hxg3 43. hxg3 Qh8 44. Bd2 Ng4 45. Rh1 Qc8 46. Qa6 Qc7 47. Qa2 Nf6 48. Bc1 Ne8 49. Qa6 Ned6 50. Qa8 Qd8 51. Qxd8 Bxd8 52. Nd7 Be7 53. Ne5 Ne4 54. Nxc4 dxc4 55. Bb2 Nf6 56. Kf3 Nd5 57. Re1 Kf6 58. Ke4 Bd8 59. g4 Ke7 60. f5 gxf5+ 61. gxf5 Kd6 62. fxe6 fxe6 63. Rf1 Nf6+ 64. Ke3 Nd5+ 65. Kd2 Bg5+ 66. Ke2 Nf4+ 67. Kf3 Nd3 68. Ba1 Bd2 69. Rd1 Bg5 70. Kg4 Bf6 71. Kf3 Kd5 72. Ke2 Nf4+ 73. Kf2 Bg5 74. Kf3 Nd3 75. Rh1 Nc1 76. Rh5 Kd6 77. Rxg5 Nb3 78. Bb2 Nd2+ 79. Ke3 Nf1+ 80. Kf2 Nd2 81. Rg6 Ne4+ 82. Ke3 Kd5 83. Kf4 Nf2 84. Rg5+ Kd6 85. Rxb5 Nd3+ 86. Ke3 Nxb2 87. Rc5 Nd1+ 88. Kd2 Nf2 89. Rxc4 Ne4+ 90. Ke3 Kd5 91. Rc8 Nd6 92. Rd8 e5 93. dxe5 Kxe5 94. Rxd6 Kxd6 95. Kd4 Kc6 96. c4 Kb6 97. b5 Kc7 98. Kc5 Kb7 99. b6 Kb8 100. Kc6 Kc8 101. c5 Kb8 102. b7 Ka7 103. Kc7 Ka6 104. b8=Q 1-0

[Event "November 21 Early 2023"]
[Site "https://www.chess.com"]
[Date "2023.11.21"]
[Round "3"]
[White "Skibbe, Willi"]
[Black "Estrada Nieto, Julian"]
[Result "1-0"]
[Board "211"]
[TimeControl "180+1"]
[WhiteFideId "4682190"]
[BlackFideId "5101018"]
[WhiteElo "2241"]
[BlackElo "2161"]
[WhiteTeam "GER"]
[BlackTeam "ESP"]
[WhiteClock "0:00:22"]
[BlackClock "0:00:25"]

1. b3 d5 2. Bb2 Nf6 3. e3 Bg4 4. f3 Bc8 5. d4 g6 6. Be2 Bh6 7. f4 O-O 8. Nf3 Ne4 9. O-O Nd7 10. Nbd2 Ndf6 11. Ne5 Nxd2 12. Qxd2 Ne4 13. Qe1 a5 14. c4 c6 15. a4 Bg7 16. cxd5 cxd5 17. Rc1 Qb6 18. Bb5 Nd6 19. Qe2 Rd8 20. Rc5 Be6 21. Rfc1 Rac8 22. Ba3 Bf6 23. Rxc8 Rxc8 24. Rxc8+ Bxc8 25. Bc5 Qc7 26. Bd3 Bf5 27. Bxd6 Qc1+ 28. Qf1 Qxf1+ 29. Kxf1 Bxd3+ 30. Nxd3 exd6 31. f5 Kf8 32. fxg6 fxg6 33. Ke2 Ke7 34. Nf4 Kd7 35. Nxd5 Bd8 36. Kd3 Kc6 37. e4 b5 38. Nc3 bxa4 39. bxa4 Bf6 40. Kc4 Bg5 41. h3 Bf6 42. Nd5 Bd8 43. Nf4 Bb6 44. Ne6 h5 45. d5+ Kb7 46. Kb5 Ka7 47. Nf8 g5 48. Nh7 g4 49. Nf6 gxh3 50. gxh3 h4 51. Ne8 Bc5 52. Kc6 Kb8 53. Nxd6 Bb4 54. e5 Bd2 55. e6 Bg5 56. Nf5 Kc8 57. d6 Kd8 58. Ng7 Bf6 59. Nf5 Bg5 60. e7+ Bxe7 61. Nxe7 Ke8 62. Nd5 Kd8 63. Nf6 Kc8 64. Ne4 Kd8 65. Nc5 Kc8 66. Nb3 Kd8 67. Nxa5 Kc8 68. Nc4 Kd8 69. Ne3 Kc8 70. Nf5 Kd8 71. Nxh4 Kc8 72. Nf5 Kd8 73. Nd4 Kc8 74. a5 Kd8 75. h4 Kc8 76. h5 Kb8 77. h6 Ka7 78. Nb5+ Ka8 79. h7 1-0

[Event "November 21 Early 2023"]
[Site "https://www.chess.com"]
[Date "2023.11.21"]
[Round "3"]
[White "Pasmendjambvirgulptipon98"]
[Black "Rios Escobar, Adan"]
[Result "0-1"]
[Board "212"]
[TimeControl "180+1"]
[BlackFideId "3403645"]
[WhiteElo "2233"]
[BlackElo "2419"]
[BlackTeam "CHI"]
[WhiteClock "0:00:00"]
[BlackClock "0:00:13"]

1. e4 c5 2. Nf3 d6 3. d4 cxd4 4. Nxd4 Nf6 5. Nc3 a6 6. a4 g6 7. Be2 Bg7 8. Be3 O-O 9. O-O Nc6 10. Nxc6 bxc6 11. a5 c5 12. f3 Rb8 13. Qc1 Nd7 14. Rd1 h5 15. Bc4 Ne5 16. Bd5 h4 17. h3 Qc7 18. f4 Nc6 19. Bxc6 Qxc6 20. Nd5 Re8 21. c3 e6 22. Nb6 Bb7 23. Bf2 Qxe4 24. Kf1 Qxg2+ 25. Ke1 Bh6 26. Qe3 e5 27. Nd7 Bxf4 28. Qe2 Kg7 29. Bxh4 Qxh3 30. Bf6+ Kg8 31. b4 cxb4 32. cxb4 Bf3 0-1

[Event "November 21 Early 2023"]
[Site "https://www.chess.com"]
[Date "2023.11.21"]
[Round "3"]
[White "pinguino120"]
[Black "hristos03"]
[Result "1-0"]
[Board "213"]
[TimeControl "180+1"]
[WhiteElo "2223"]
[BlackElo "2411"]
[WhiteClock "0:00:41"]
[BlackClock "0:00:00"]

1. e4 c5 2. Nf3 d6 3. c3 Nf6 4. Bd3 g6 5. O-O Bg7 6. h3 O-O 7. Re1 a6 8. a4 b6 9. Bc2 Bb7 10. d4 b5 11. axb5 axb5 12. Rxa8 Bxa8 13. Bg5 Nbd7 14. Nbd2 b4 15. Nf1 bxc3 16. bxc3 Qa5 17. e5 dxe5 18. dxe5 Nd5 19. c4 N5b6 20. Qd3 Bxf3 21. Bd2 Qa6 22. gxf3 Nxe5 23. Qe4 Nbxc4 24. Bf4 Nd6 25. Qd5 e6 26. Qb3 c4 27. Qe3 Nd7 28. Rd1 Nf5 29. Bxf5 exf5 30. Rxd7 Qc6 31. Rc7 Qb5 32. Qc5 Qb3 33. Qxc4 Qxf3 34. Bg3 h6 35. Qf4 Qe2 36. Qe3 1-0

[Event "November 21 Early 2023"]
[Site "https://www.chess.com"]
[Date "2023.11.21"]
[Round "3"]
[White "mataMNsMS"]
[Black "Goldin, Roman"]
[Result "1-0"]
[Board "214"]
[TimeControl "180+1"]
[BlackFideId "2803860"]
[WhiteElo "2210"]
[BlackElo "2312"]
[BlackTeam "ISR"]
[WhiteClock "0:00:49"]
[BlackClock "0:00:01"]

1. d4 Nf6 2. Nf3 b5 3. Bg5 Bb7 4. Bxf6 gxf6 5. e3 a6 6. a4 b4 7. a5 c5 8. dxc5 e6 9. Qd4 Nc6 10. Qh4 Bxc5 11. Bd3 Nxa5 12. Rxa5 Qxa5 13. Qxf6 Rg8 14. Ne5 Rf8 15. O-O Be7 16. Qf4 Qd5 17. Nf3 Bd6 18. Qd4 Qxf3 19. gxf3 Rg8+ 20. Qg4 Ke7 21. Nd2 f5 22. Qxg8 Rxg8+ 23. Kh1 Be5 24. Rg1 Rxg1+ 25. Kxg1 Bxb2 26. Nc4 Bc3 27. Kg2 Bd5 28. Na5 b3 29. Nxb3 Bxb3 30. cxb3 a5 31. e4 f4 32. e5 h6 33. Kh3 Bxe5 34. Kg4 Kd6 35. Kh5 Kc5 36. Kxh6 Kb4 37. Kg6 Kxb3 38. Bb5 Kb4 39. Bxd7 Bd4 40. Bxe6 Bxf2 41. Kf5 Be3 42. h4 a4 43. Ke4 a3 44. h5 Kc3 45. h6 Bd4 46. Kxf4 Kb2 47. Ke4 Bh8 48. f4 a2 49. Bxa2 Kxa2 50. Kd5 Kb3 51. Ke6 Kc4 52. f5 Kd4 53. f6 1-0

[Event "November 21 Early 2023"]
[Site "https://www.chess.com"]
[Date "2023.11.21"]
[Round "3"]
[White "Pace, Christopher"]
[Black "EdmundPlayer"]
[Result "1-0"]
[Board "215"]
[TimeControl "180+1"]
[WhiteFideId "2610167"]
[WhiteElo "2408"]
[BlackElo "2203"]
[WhiteTeam "CAN"]
[WhiteClock "0:00:24"]
[BlackClock "0:00:04"]

1. e4 Nf6 2. Nc3 e5 3. Nf3 Nc6 4. Bb5 Bb4 5. d3 d6 6. h3 O-O 7. O-O a6 8. Ba4 b5 9. Bb3 Na5 10. Bg5 Bxc3 11. bxc3 h6 12. Bh4 Nxb3 13. axb3 g5 14. Nxg5 hxg5 15. Bxg5 Kg7 16. f4 Kg6 17. Qd2 Rh8 18. Qe3 exf4 19. Qxf4 Nh5 20. Bxd8 Nxf4 21. Bxc7 Ne2+ 22. Kh2 Nxc3 23. Bxd6 Be6 24. Be5 Rhc8 25. Rf6+ Kh7 26. Raf1 a5 27. R1f4 a4 28. Rh4+ Kg8 29. Rh8+ Kxh8 30. Rh6+ Kg8 31. Rh8# 1-0

[Event "November 21 Early 2023"]
[Site "https://www.chess.com"]
[Date "2023.11.21"]
[Round "3"]
[White "Darmanin, Jake"]
[Black "kingapolak"]
[Result "1-0"]
[Board "216"]
[TimeControl "180+1"]
[WhiteFideId "5601061"]
[WhiteElo "2119"]
[BlackElo "2192"]
[WhiteTeam "MLT"]
[WhiteClock "0:00:07"]
[BlackClock "0:00:00"]

1. e4 c5 2. Nf3 Nc6 3. c3 d5 4. exd5 Qxd5 5. Na3 a6 6. Be2 Nf6 7. Nc4 Qd8 8. a4 e6 9. a5 Be7 10. d3 Nd5 11. O-O O-O 12. Re1 Bf6 13. Qb3 h6 14. Rd1 Qc7 15. g3 Re8 16. Nb6 Nxb6 17. axb6 Qe7 18. Be3 e5 19. Nd2 Nb8 20. Qa3 Nd7 21. Nc4 Bg5 22. Bxg5 Qxg5 23. h4 Qf6 24. Qa5 e4 25. dxe4 Rxe4 26. Bd3 Re6 27. Re1 Ne5 28. Nxe5 Rxe5 29. Rxe5 Qxe5 30. Rd1 Bh3 31. Bf1 Bg4 32. Rd4 Bf3 33. Rf4 Bc6 34. b4 Qd5 35. f3 Re8 36. Qxc5 Qd1 37. Qf2 Re1 38. c4 Ba4 39. Kg2 Bc2 40. Rd4 Qb1 41. Rd8+ Kh7 42. g4 Bg6 43. h5 Bc2 44. f4 1-0

[Event "November 21 Early 2023"]
[Site "https://www.chess.com"]
[Date "2023.11.21"]
[Round "3"]
[White "Mishra, Manoj"]
[Black "Kozelov, Roman"]
[Result "1-0"]
[Board "217"]
[TimeControl "180+1"]
[WhiteFideId "5006007"]
[BlackFideId "14133377"]
[WhiteElo "1847"]
[BlackElo "2149"]
[WhiteTeam "IND"]
[BlackTeam "UKR"]
[WhiteClock "0:02:06"]
[BlackClock "0:00:26"]

1. d4 d5 2. Bf4 e6 3. e3 Bd6 4. Bg3 Ne7 5. Bd3 Nf5 6. Nf3 Nd7 7. Nbd2 Qe7 8. c4 c6 9. c5 Bxg3 10. hxg3 Nf6 11. Ne5 Bd7 12. g4 Nxg4 13. Nxg4 O-O-O 14. b4 f6 15. b5 e5 16. bxc6 bxc6 17. Qa4 1-0

[Event "November 21 Early 2023"]
[Site "https://www.chess.com"]
[Date "2023.11.21"]
[Round "3"]
[White "missponyo10"]
[Black "ChessLebaneseSalah"]
[Result "0-1"]
[Board "218"]
[TimeControl "180+1"]
[WhiteElo "2175"]
[BlackElo "2404"]
[WhiteClock "0:00:40"]
[BlackClock "0:00:18"]

1. e4 c5 2. Nf3 d6 3. d4 cxd4 4. Nxd4 Nf6 5. Nc3 Nc6 6. f4 g6 7. Nf3 Bg7 8. Bc4 O-O 9. O-O e5 10. Kh1 Bg4 11. Qe1 Bxf3 12. Rxf3 Nd4 13. Rf2 Rc8 14. Bb3 b5 15. Be3 Ng4 16. Bxd4 exd4 17. Nxb5 Nxf2+ 18. Qxf2 Qb6 19. a4 a6 20. Na3 Rfe8 21. Rb1 Rxe4 22. Nc4 Qc5 23. Ba2 d5 24. b4 Qc7 25. Nd2 Rxf4 26. Qg3 Rf5 27. Qxc7 Rxc7 28. b5 axb5 29. axb5 Rb7 30. Nf3 g5 31. h3 h5 32. Kg1 g4 33. hxg4 hxg4 34. Nh2 d3 35. cxd3 Bd4+ 36. Kh1 g3 37. Ng4 Rh5+ 38. Nh2 Rxh2# 0-1

[Event "November 21 Early 2023"]
[Site "https://www.chess.com"]
[Date "2023.11.21"]
[Round "3"]
[White "LionKing2367890"]
[Black "Szyszylo, Rafal"]
[Result "0-1"]
[Board "219"]
[TimeControl "180+1"]
[BlackFideId "1109626"]
[WhiteElo "2165"]
[BlackElo "1951"]
[BlackTeam "POL"]
[WhiteClock "0:01:24"]
[BlackClock "0:02:46"]

1. e4 d6 2. d4 Nf6 3. Nc3 g6 4. f4 Bg7 5. Nf3 O-O 6. Bd3 Na6 7. O-O Bg4 8. a3 c5 9. dxc5 Nxc5 10. e5 Nfd7 0-1